cohdb
Replays
Latest Replays
All Replays
Popular Replays
Top Player Replays
Match Explorer
How It Works
Community
CoH3 Stats
Reddit
Sign in to upload your games and track your stats! →
Sign in with Steam
Match 46972850
Unlisted
Match 46972850
Overview
Messages
Build Orders
End
Construct Section Command Post
Selects Canadian Shock Battlegroup
Infantry Section
Dingo Light Scout Car
Infantry Section
Selects Attacking Spirit
Selects Canadian Shock Section
Canadian Shock Section
Infantry Section
Construct Field Infirmary
Construct Platoon Command Post
Selects Burnout
6-pounder Anti-tank Gun Team
Boondoggle
Antoine Trinh
Ends of Invention
The101stAirBorne ITA
Konrad Curze
FLOKL
0
0
Comments
sign in to comment!
No comments posted yet!